 Dungeon Crawl Stone Soup version 0.19.0-24-gb05acd6 (webtiles) character file.

144 KarmaPolice the Charmwright (level 5, 0/40 HPs)
             Began as a Vampire Skald on Nov 22, 2016.
             Succumbed to an orc wizard's poison
             ... on level 3 of the Dungeon.
             The game lasted 00:07:48 (3815 turns).

KarmaPolice the Charmwright (Vampire Skald)         Turns: 3815, Time: 00:07:49

Health: 0/40       AC:  0    Str: 11    XL:     5   Next: 5%
Magic:  6/9        EV: 18    Int: 14    God:
Gold:   122        SH:  0    Dex: 20    Spells: 4 memorised, 1 level left

rFire  . . .     SeeInvis +     (weapon currently unavailable)
rCold  . . .     Gourm    .     (armour currently unavailable)
rNeg   + . .     Faith    .     (shield currently unavailable)
rPois  .         Spirit   .     (helmet currently unavailable)
rElec  .         Reflect  .     (cloak currently unavailable)
rCorr  .         Harm     .     (gloves currently unavailable)
MR     .....                    (boots currently unavailable)
Stlth  ++++......               (no amulet)
                                (ring currently unavailable)
                                (ring currently unavailable)

@: lethally poisoned (0 -> -2), bat-form, flying, very quick
A: fangs 3, see invisible, (unbreathing)
a: End Transformation


You were on level 3 of the Dungeon.
You were not thirsty.
You were in vampire-bat-form.
You visited 1 branch of the dungeon, and saw 4 of its levels.

You collected 122 gold pieces.

Inventory:

Hand Weapons
 a - a +0 falchion
 i - a +0 blowgun
 j - a +1 whip of venom (melded)
Missiles
 k - 33 poisoned needles
Armour
 b - a +0 leather armour (melded)
Jewellery
 h - an uncursed ring of ice {unknown}
Scrolls
 e - a scroll of noise {unknown}
 f - 6 scrolls of identify {unknown}
 g - a scroll of magic mapping {unknown}
 l - a scroll of random uselessness {unknown}
 o - a scroll of recharging {unknown}
Potions
 d - 7 potions of blood
 m - a potion of beneficial mutation {unknown}
 n - a potion of might {unknown}
Books
 c - a book of Battle

   Spells                             Type                      Level
   a - Infusion                       Charms                       1
   b - Shroud of Golubria             Charms/Translocation         2
   c - Song of Slaying                Charms                       2
   d - Spectral Weapon                Hexes/Charms                 3
   e - Regeneration                   Charms/Necromancy            3


   Skills:
 + Level 2.8 Fighting
 + Level 3.2 Long Blades
 - Level 0.7 Armour
 - Level 1.1 Dodging
 + Level 2.7 Spellcasting
 - Level 4.2 Charms
 + Level 0.7 Necromancy


You had one spell level left.
You knew the following spells:

 Your Spells              Type           Power        Failure   Level  Hunger
a - Infusion              Chrm           ##..         4%          1    #......
b - Shroud of Golubria    Chrm/Tloc      #.........   17%         2    ###....
c - Song of Slaying       Chrm           ##......     10%         2    ###....
d - Regeneration          Chrm/Necr      #.........   24%         3    ###....


Dungeon Overview and Level Annotations

Branches:
Dungeon (4/15)
 Temple: D:4-7

Altars:
Cheibriados
Hepliaklqana
Nemelex Xobeh
Qazlal
Uskayaw
Yredelemnul
The Shining One


Innate Abilities, Weirdness & Mutations

You have razor-sharp teeth.
You have supernaturally acute eyesight. (SInv)
((You can survive without breathing.))


Message History

Your +1 whip of venom stops dripping with poison.
You feel sick.
The orc wizard shouts!
The orc wizard completely misses you. The orc wizard barely misses you.
The orc closely misses you.
The orc wizard gestures at you while chanting.
The magic dart hits you!
* * * LOW HITPOINT WARNING * * *
The orc wizard closely misses you.
You feel sick.
You feel sick.
There is an open door here.
As you close the door, it creaks loudly!
You feel sick.
An orc wizard opens the door.
The orc wizard casts a spell at you. The magic dart hits you!
* * * LOW HITPOINT WARNING * * *
* * * LOW HITPOINT WARNING * * *
You feel sick.
You die...

#.. #.### #.#..
################### #.#.#
#..........>......## #.#.##
#.#.......#.#.#.#..######.#...
#.#......†....................
#.#.......###.####o.####.)...(
#.#.......# #b# ##.# #.#####
#'#.......# #.# #.# #oo.o.(
###.....### #.# #o## #o#####
######...#####.# #..# #.#<...
###_####...#.....# ##.# #.#....
#.....##...#.##########o###.#.###
#♣...♣##...#.##..........o..#.#
#.....##...#'##.............#.#
#♣...♣##......#.............#.#


There were no monsters in sight!

Vanquished Creatures
  An orc wizard (D:3)
  2 adders (D:2)
  A gnoll (D:1)
  2 worms
  3 dart slugs
  2 leopard geckos
  3 giant cockroaches
  8 goblins
  12 hobgoblins
  8 jackals
  4 kobolds
  A quokka (D:3)
  A ball python (D:2)
  9 bats
  6 frilled lizards
  6 rats
69 creatures vanquished.

Notes
Turn   | Place    | Note
-------+----------+-------------------------------------------
     0 | D:1      | KarmaPolice the Vampire Skald began the quest for the Orb.
     0 | D:1      | Reached XP level 1. HP: 16/16 MP: 3/3
    36 | D:1      | Reached XP level 2. HP: 8/22 MP: 5/5
    44 | D:1      | Learned a level 2 spell: Shroud of Golubria
    47 | D:1      | Learned a level 2 spell: Song of Slaying
  1159 | D:1      | Reached XP level 3. HP: 23/27 MP: 2/6
  1446 | D:1      | Reached skill level 4 in Charms
  2081 | D:2      | Reached XP level 4. HP: 31/34 MP: 7/7
  2396 | D:2      | Found a snail-covered altar of Cheibriados.
  2529 | D:2      | Learned a level 3 spell: Regeneration
  3184 | D:3      | Found a hazy altar of Hepliaklqana.
  3339 | D:3      | Found a stormy altar of Qazlal.
  3340 | D:3      | Noticed a fire elemental
  3344 | D:3      | Noticed a water elemental
  3347 | D:3      | Noticed an air elemental
  3347 | D:3      | Noticed an earth elemental
  3502 | D:3      | Found a sparkling altar of Nemelex Xobeh.
  3503 | D:3      | Found a basalt altar of Yredelemnul.
  3504 | D:3      | Found a hide-covered altar of Uskayaw.
  3699 | D:3      | Found a glowing golden altar of the Shining One.
  3789 | D:3      | Reached XP level 5. HP: 32/40 MP: 7/9
  3806 | D:3      | HP: 1/40 [orc wizard/magic dart (7)]
  3815 | D:3      | Succumbed to an orc wizard's poison

Skill      XL: |  1  2  3  4 |
---------------+-------------+-----
Fighting       | 2 |  2.8
Charms         | 4 |  4.2
Long Blades    | 3 |  3.2
Armour         | |  0.7
Dodging        | |  1.1
Spellcasting   | |  2.7
Necromancy     | |  0.7

Action                   |  1- 3 |  4- 6 || total
-------------------------+-------+-------++-------
Melee: Falchion          |   104 |    12 ||   116
       Bite              |    13 |     4 ||    17
       Whip              |       |    38 ||    38
       Unarmed           |       |    25 ||    25
 Fire: Blowgun           |       |     8 ||     8
 Cast: Infusion          |     3 |     7 ||    10
       Song of Slaying   |     1 |       ||     1
       Shroud of Golubri |       |     4 ||     4
 Abil: Bat Form          |     3 |    14 ||    17
       End Transformatio |     3 |    13 ||    16
 Stab: Sleeping          |       |     3 ||     3
  Eat: Corpse            |     3 |     4 ||     7
Armor: Leather armour    |    24 |     8 ||    32
Dodge: Dodged            |    79 |    64 ||   143
       Rpst.: Falchion   |    29 |     3 ||    32
